 Dungeon Crawl Stone Soup version 0.19.4-8-ga85b6b9 (console) character file.

3740 lanroth the Spear-Bearer (level 10, 0/76 HPs)
             Began as a Human Fighter on Feb 9, 2017.
             Killed from afar by a battlesphere (9 damage)
             ... created by sveltemanboy's ghost
             ... on level 8 of the Dungeon.
             The game lasted 00:57:07 (6484 turns).

lanroth the Spear-Bearer (Human Fighter)            Turns: 6484, Time: 00:57:08

Health: 0/76       AC: 21    Str: 17    XL:     10   Next: 37%
Magic:  10/10      EV: 11    Int:  8    God:
Gold:   218        SH:  0    Dex: 16    Spells: 0 memorised, 9 levels left

rFire  + . .     SeeInvis +     D - +8 glaive {elec, +Rage AC+5 SInv}
rCold  . . .     Gourm    +     T - +3 scale mail
rNeg   . . .     Faith    .     (shield currently unavailable)
rPois  .         Spirit   .     K - +1 helmet
rElec  .         Reflect  .     H - +0 cloak
rCorr  .         Harm     .     (no gloves)
MR     .....                    (no boots)
Stlth  +.........               L - amulet of the gourmand
                                A - ring of flight
                                F - ring of protection from fire

@: no status effects
A: icy blue scales 1
a: Evoke Berserk Rage, Evoke Flight


You were on level 8 of the Dungeon.
You were completely stuffed.

You visited 2 branches of the dungeon, and saw 9 of its levels.

You collected 434 gold pieces.
You spent 216 gold pieces at shops.

Inventory:

Hand Weapons
 k - a cursed -3 mace
 l - a +1 trident of flaming
 D - the +8 glaive of the Guard (weapon) {elec, +Rage AC+5 SInv}
   (You found it on level 4 of the Dungeon)

   Occasionally, upon striking a foe, it will discharge some electrical energy
   and cause terrible harm.
   It affects your AC (+5).
   It lets you see invisible.
   It lets you go berserk.
Missiles
 e - 88 arrows
 h - 215 stones
 m - 48 sling bullets
 p - 18 tomahawks (quivered)
 C - 21 bolts
Armour
 a - a +2 shield
 b - a +0 chain mail
 c - a +2 shield
 i - a +0 chain mail
 j - a +0 shield
 r - a +1 robe of resistance
 t - a +1 chain mail
 H - a +0 cloak (worn)
 K - a +1 helmet (worn)
 M - a +0 helmet
 N - a +0 cloak
 S - a +2 shield
 T - a +3 scale mail (worn)
Jewellery
 A - a ring of flight (right hand)
 F - a ring of protection from fire (left hand)
 L - an amulet of the gourmand (around neck)
Wands
 B - a wand of teleportation (0/9)
 G - a wand of lightning (10/15)
 I - a wand of teleportation (2/9)
 J - a wand of random effects (12/48)
Scrolls
 o - a scroll of remove curse
 s - a scroll of teleportation
 v - a scroll of fear
 w - a scroll of magic mapping
 y - 2 scrolls of amnesia
 E - 3 scrolls of identify
Potions
 d - 2 potions of might
 g - a potion of flight
 x - a potion of haste
 z - 2 potions of curing
Comestibles
 f - 5 bread rations
 n - 2 beef jerkies
 q - 2 fruits
 u - 4 chunks of flesh


   Skills:
 + Level 5.8 Fighting
   Level 3.1 Short Blades
   Level 1.9(5.9) Axes
 + Level 9.0(9.1) Polearms
 + Level 4.8 Throwing
 + Level 7.0 Armour
 + Level 2.5 Dodging
 + Level 2.3 Stealth
 + Level 4.0 Shields


You had 9 spell levels left.
You didn't know any spells.

Dungeon Overview and Level Annotations

Branches:
Dungeon (8/15)             Temple (1/1) D:5
   Lair: D:8-11

Altars:
Ashenzari
Cheibriados
Dithmenos
Elyvilon
Fedhas
Gozag
Hepliaklqana
Kikubaaqudgha
Nemelex Xobeh
Okawaru
Ru
Sif Muna
Trog
Uskayaw
Vehumet
Xom
Yredelemnul
The Shining One

Shops:
D:6 *

Annotations:
D:8 sveltemanboy's ghost, novice TeCj


Innate Abilities, Weirdness & Mutations

You are partially covered in icy blue scales. (AC +2)


Message History

The floor, spattered with blood.
Unknown command.
A giant cockroach comes into view.
You see here a great sword.
Sveltemanboy's ghost gestures at you while chanting.
The orb of energy hits you!
The orb of energy explodes!
Sveltemanboy's ghost is bathed in the radiant lights of Iskenderun.
Found a stone staircase leading down.
A leopard gecko zombie comes into view.
The giant cockroach barely misses you.
There is a stone staircase leading up, spattered with blood here.
Sveltemanboy's ghost points at you and mumbles some strange words.
The orb of energy hits the giant cockroach.
The giant cockroach dies!
The orb of energy explodes!
The mystic blast hits you!
* * * LOW HITPOINT WARNING * * *
The mystic blast hits the leopard gecko zombie.
The leopard gecko zombie is destroyed!
The battlesphere fires!
The barrage of energy hits you!
You die...

# .. .. # #. #.###...###.#
..#......... ##...#.# #...#####
#. ##### #......#
#.#.....####### #.#
##...###.#.>. #.###....((([.#
.. ###.....##.#.##
##s#...##.###### #.
#.............## #..).### .#
#.###...>....#.##..###..### .#
#..#.........W.##..W....# ..
##.#.##......*##....*...# ##
#######....##..@†......#####..#
#........###.......#####
#..#######. #.....##.#
#....<..# ###).........
#........#
#.......#######..[...#####
#######..#
##.....###........#..#
####..#####...#. ..#####.###.#
#.........##....# #..# #.#
#................. ##.## #..
#.........#######..###..#####.#
#............### #....<........
#.........##...#
####..#..##....
#.........##...# ###....##...#.
#.........##...# #.........#
#.........##...####..........
#..........#...#.......######
#..............###..####
###########.######..#
#.........# #####.##.......
###########


You could see a battlesphere and sveltemanboy's ghost.

Vanquished Creatures
  Pikel (D:4)
  Joseph (D:7)
  The ghost of galech the Cudgeler, an amateur OgFi (D:6)
  A hornet (D:7)
  The ghost of JNO the Magician, an amateur DEWz of Sif Muna (D:4)
  Eustachio (D:7)
  A phantom (D:5)
  2 orc warriors (D:7)
  2 sky beasts (D:6)
  3 ogres
  A crocodile (D:7)
  6 bullfrogs
  3 gnoll sergeants (D:7)
  Blork the orc (D:4)
  A scorpion (D:4)
  An electric eel (D:6)
  A centaur zombie (D:6)
  A howler monkey (D:5)
  5 crimson imps
  An orc priest (D:8)
  5 orc wizards
  A jelly (D:8)
  4 worker ants
  3 gnolls (D:4)
  4 adders
  2 shadow imps
  An adder skeleton (D:4)
  2 worms
  2 leopard geckos
  14 orcs
  A ball python (D:6)
  8 bats
  8 giant cockroaches
  6 goblins
  7 hobgoblins
  14 jackals
  3 kobolds
  4 quokkas
  3 frilled lizards
  A leopard gecko skeleton (D:4)
  A quokka zombie (D:6)
  6 rats
135 creatures vanquished.

Vanquished Creatures (others)
  A giant cockroach (D:8)
  A leopard gecko zombie (D:8)
2 creatures vanquished.

Grand Total: 137 creatures vanquished

Notes
Turn   | Place    | Note
-------+----------+-------------------------------------------
     0 | D:1      | lanroth the Human Fighter began the quest for the Orb.
     0 | D:1      | Reached XP level 1. HP: 18/18 MP: 1/1
   175 | D:1      | Reached XP level 2. HP: 24/24 MP: 2/2
   568 | D:1      | Reached XP level 3. HP: 28/29 MP: 3/3
  1589 | D:3      | Reached XP level 4. HP: 36/36 MP: 4/4
  2104 | D:4      | Noticed JNO's ghost (amateur DEWz)
  2301 | D:4      | Killed JNO's ghost
  2301 | D:4      | Reached skill level 1 in Axes
  2301 | D:4      | Reached skill level 1 in Polearms
  2301 | D:4      | Reached skill level 1 in Throwing
  2301 | D:4      | Reached skill level 1 in Dodging
  2301 | D:4      | Reached XP level 5. HP: 37/42 MP: 5/5
  2301 | D:4      | Reached XP level 6. HP: 43/48 MP: 6/6
  2384 | D:4      | Noticed Blork the orc
  2395 | D:4      | Killed Blork the orc
  2625 | D:4      | Noticed an ogre
  2630 | D:4      | Killed an ogre
  2630 | D:4      | Reached XP level 7. HP: 23/53 MP: 7/7
  2633 | D:4      | Reached skill level 2 in Polearms
  2746 | D:4      | Noticed Pikel
  2785 | D:4      | Killed Pikel
  2785 | D:4      | Reached skill level 4 in Polearms
  2785 | D:4      | Reached skill level 5 in Armour
  2785 | D:4      | Reached XP level 8. HP: 17/60 MP: 8/8
  3221 | D:5      | Entered Level 5 of the Dungeon
  3414 | D:5      | Found a staircase to the Ecumenical Temple.
  3419 | Temple   | Entered the Ecumenical Temple
  3827 | D:5      | Reached skill level 5 in Polearms
  3827 | D:5      | Reached skill level 1 in Stealth
  3928 | D:5      | Reached XP level 9. HP: 66/66 MP: 9/9
  3962 | D:5      | Found a blossoming altar of Fedhas.
  3997 | D:6      | Found Veasuus Nyul's Assorted Antiques.
  4002 | D:6      | Bought a scroll of identify for 48 gold pieces
  4002 | D:6      | Bought a scroll labeled LAAWYR DENYU for 24 gold pieces
  4002 | D:6      | Bought a scroll labeled MIMIXAFFEPT for 24 gold pieces
  4002 | D:6      | Bought a glowing malachite amulet for 120 gold pieces
  4005 | D:6      | Gained mutation: You are partially covered in icy blue scales. (AC +2) [potion of beneficial mutation]
  4066 | D:6      | Found a hazy altar of Hepliaklqana.
  4174 | D:6      | Noticed galech's ghost (amateur OgFi)
  4180 | D:6      | Killed galech's ghost
  4180 | D:6      | Reached skill level 6 in Polearms
  4360 | D:6      | Reached skill level 5 in Fighting
  4360 | D:6      | Reached skill level 7 in Polearms
  4519 | D:6      | Found a radiant altar of Vehumet.
  4525 | D:6      | Found a shimmering altar of Xom.
  4777 | D:6      | Found a glowing golden altar of the Shining One.
  4893 | D:7      | Noticed Eustachio
  5200 | D:7      | Killed Eustachio
  5202 | D:7      | Reached skill level 8 in Polearms
  5213 | D:7      | Reached XP level 10. HP: 63/74 MP: 10/10
  5536 | D:7      | Noticed Joseph
  5547 | D:7      | Killed Joseph
  6420 | D:8      | Reached skill level 9 in Polearms
  6457 | D:8      | Noticed sveltemanboy's ghost (novice TeCj)
  6484 | D:8      | Killed from afar by a battlesphere

Skill      XL: |  1  2  3  4  5  6  7  8  9 10 |
---------------+-------------------------------+-----
Short Blades   | 3 |  3.1
Axes           | 1 |  1.9
Polearms       | 1 4 5 8 9 |  9.0
Throwing       | 1 3 4 |  4.8
Armour         | 4 5 6 7 |  7.0
Dodging        | 1 2 |  2.5
Fighting       | 4 5 |  5.8
Shields        | 4 |  4.0
Stealth        | 1 2 |  2.3

Action                   |  1- 3 |  4- 6 |  7- 9 | 10-12 || total
-------------------------+-------+-------+-------+-------++-------
Melee: Rapier            |   109 |     1 |       |       ||   110
       Hand axe          |       |    75 |       |       ||    75
       Glaive            |       |    23 |   145 |    55 ||   223
Throw: Tomahawk          |    22 |    22 |    37 |    10 ||    91
  Use: Scroll            |       |     8 |     3 |     5 ||    16
       Potion            |       |     5 |     5 |       ||    10
  Eat: Meat ration       |     1 |     1 |       |       ||     2
       Chunk             |       |       |     4 |    16 ||    20
       Fruit             |       |       |     2 |       ||     2
Armor: Scale mail        |    40 |     1 |       |    23 ||    64
       Chain mail        |       |    52 |    74 |     1 ||   127
Dodge: Dodged            |    28 |    18 |    62 |    40 ||   148
Block: Shield            |    51 |    33 |       |       ||    84
